 Dungeon Crawl Stone Soup version 0.29.1-2-gbd0b4ee654 (webtiles) character file.

Game seed: 13856196354356182552

355 safid the Shooter (level 6, -5/85 HPs)
             Began as a Minotaur Hunter on Oct 25, 2022.
             Succumbed to Edmund's poison
             ... on level 4 of the Dungeon.
             The game lasted 00:05:44 (2870 turns).

safid the Shooter (Minotaur Hunter)                 Turns: 2870, Time: 00:05:45

Health: -5/85      AC: 23    Str: 15    XL:     6   Next: 36%
Magic:  5/5        EV:  2    Int:  6    God:
Gold:   242        SH:  0    Dex: 16    Spells: 5/5 levels left

rFire   . . .      SeeInvis .   a - +0 shortbow
rCold   . . .      Faith    .   (shield currently unavailable)
rNeg    . . .      Spirit   +   (body armour currently unavailable)
rPois   +          Reflect  .   (helmet currently unavailable)
rElec   .          Harm     .   (cloak currently unavailable)
rCorr   .          Rampage  .   (gloves currently unavailable)
Will    .....      NoTele   +   (boots currently unavailable)
Stlth   ++........              o - amulet of guardian spirit
HPRegen 0.24/turn               (no ring)
MPRegen 0.09/turn               (no ring)

@: lethally poisoned (-5 -> -38), tree-form
A: stationary, stasis, torment immunity, boosted hp, (horns 2), (retaliatory
headbutt), MP-powered wands
a: no special abilities


You were on level 4 of the Dungeon.
You were a tree.
You visited 1 branch of the dungeon, and saw 4 of its levels.

You collected 242 gold pieces.

Inventory:

Hand Weapons
 a - a +0 shortbow (weapon)
Armour
 j - a +0 pair of gloves (melded)
 r - a +0 scale mail (melded)
Jewellery
 o - an amulet of guardian spirit (around neck)
Scrolls
 c - 2 scrolls of poison {unknown}
 f - 2 scrolls of amnesia {unknown}
 g - a scroll of vulnerability {unknown}
 i - 4 scrolls of teleportation {unknown}
 l - a scroll of enchant armour {unknown}
 m - 6 scrolls of identify {unknown}
 n - 2 scrolls of enchant weapon {unknown}
 u - a scroll of fog {unknown}
Potions
 b - a potion of brilliance {unknown}
 h - a potion of haste
 k - a potion of mutation
 q - a potion of might {unknown}
 t - a potion of curing {unknown}


   Skills:
 + Level 6.0 Fighting
 + Level 6.7 Ranged Weapons
 - Level 2.1 Dodging
 - Level 0.7 Stealth


You had 5 spell levels left.
You didn't know any spells.
Your spell library contained the following spells:

 Spells                   Type           Power      Damage    Failure   Level
 Slow                     Hex            0%         N/A       45%         1
 Confusing Touch          Hex            0%         N/A       83%         3
 Dazzling Flash           Conj/Hex       0%         N/A       83%         3
 Vampiric Draining        Necr           0%         2d6       83%         3
 Iskenderun's Mystic Bla  Conj/Tloc      0%         2d3       99%         4
 Starburst                Conj/Fire      0%         6d3       100%        6


Dungeon Overview and Level Annotations

Branches:
Dungeon (4/15)
 Temple: D:4-7

Altars:
Makhleb
Zin

Annotations:
D:4 Edmund


Innate Abilities, Weirdness & Mutations

You are a tree.
Your roots penetrate the ground, keeping you stationary.
You cannot be teleported.
You are immune to unholy pain and torment.
Your maximum health is greatly increased.
Your equipment is partially melded.
((You have a pair of horns on your head.))
((You reflexively headbutt those who attack you in melee.))
You expend magic power (3 MP) to strengthen your wands.


Message History

Press: ? - help, Q - select action Shift-Dir - straight line, f/p - Edmund
Aim: Edmund, wielding a +2 flail of venom and wearing a +0 chain mail (heavily wounded, 72% to hit)
You shoot an arrow. The arrow hits Edmund.
Edmund is heavily wounded.
You feel sick. Edmund barely misses you.
Fire: a) +0 shortbow
Press: ? - help, Q - select action Shift-Dir - straight line, f/p - Edmund
Aim: Edmund, wielding a +2 flail of venom and wearing a +0 chain mail (heavily wounded, 72% to hit)
You shoot an arrow. The arrow barely misses Edmund.
You feel sick. Edmund hits you but does no damage.
You are more poisoned.
Fire: a) +0 shortbow
Press: ? - help, Q - select action Shift-Dir - straight line, f/p - Edmund
Aim: Edmund, wielding a +2 flail of venom and wearing a +0 chain mail (heavily wounded, 72% to hit)
You shoot an arrow.
The arrow hits Edmund but does no damage.
Edmund is heavily wounded.
You feel very sick.
Edmund hits you with a +2 flail of venom!
* * * LOW HITPOINT WARNING * * *
You are more poisoned.
It was a potion of ambrosia.
You are confused.
You feel invigorated.
* * * LOW HITPOINT WARNING * * *
You feel very sick.
Edmund hits you with a +2 flail of venom!
* * * LOW HITPOINT WARNING * * *
You are more poisoned.
It was a potion of cancellation.
Your magical effects are unravelling.
You feel magically purged.
You feel less invigorated.
You feel yourself slow down.
You feel less confused.
* * * LOW HITPOINT WARNING * * *
You feel very sick.
It was a potion of lignification.
You turn into a tree.
Your +0 pair of gloves melds into your body.
Your +0 scale mail melds into your body.
Your roots penetrate the ground.
You die...

#.# #.... ##### #.#
#..# ....# #.# ##..#
###.####.###...##
................#
###......)....#.#
######)###.##.####.#
########)#
#.##......#
........)#
#.##.♣#####
########## #.##.@#
#.##..# #.##...
#.###..# ####g.....#
#gg.gg....# #.# #.##
#.#


You could see Edmund.

Vanquished Creatures
  A hound (D:4)
  Jessica (D:3)
  A gnoll bouda (D:4)
  An iguana (D:4)
  Robin (D:4)
  5 adders
  7 gnolls
  2 worms
  3 dart slugs
  8 orcs
  9 endoplasms
  3 giant cockroaches
  10 hobgoblins
  3 quokkas
  2 ball pythons
  4 bats
  5 frilled lizards
  18 goblins
  13 kobolds
  17 rats
114 creatures vanquished.

Vanquished Creatures (others)
  A withered plant (D:2)
1 creature vanquished.

Grand Total: 115 creatures vanquished

Notes
Turn   | Place    | Note
-------+----------+-------------------------------------------
     0 | D:1      | safid the Minotaur Hunter began the quest for the Orb.
     0 | D:1      | Reached XP level 1. HP: 18/18 MP: 0/0
   115 | D:1      | Reached XP level 2. HP: 25/25 MP: 1/1
   416 | D:1      | Reached skill level 5 in Ranged Weapons
   416 | D:1      | Reached XP level 3. HP: 31/31 MP: 2/2
   673 | D:2      | Found a faded altar of an unknown god.
   948 | D:2      | Found a burning altar of Makhleb.
  1108 | D:2      | Reached XP level 4. HP: 40/40 MP: 3/3
  1410 | D:3      | Found a glowing silver altar of Zin.
  1567 | D:3      | Noticed Jessica
  1572 | D:3      | Killed Jessica
  1953 | D:3      | Reached XP level 5. HP: 46/47 MP: 4/4
  1975 | D:4      | Noticed Robin
  1988 | D:4      | Killed Robin
  1989 | D:4      | Reached skill level 5 in Fighting
  2384 | D:4      | Reached XP level 6. HP: 56/56 MP: 5/5
  2479 | D:4      | Noticed Edmund
  2861 | D:4      | Gained mutation: You expend magic power (3 MP) to
                  | strengthen your wands. [potion of mutation]
  2869 | D:4      | HP: 1/57 [poisoned by Edmund]
  2870 | D:4      | Succumbed to Edmund's poison

Illustrated notes

Levels and vault maps discovered:
D:1:      co_arrival_square_in_a_square_in_a_square, layout_rooms
D:2:      layout_rooms, shapermc_ecumenical_altar_gd, basic_altar,
          minmay_rat_gold_closets
D:3:      layout_loops_ring, old_standard_altar, uniq_jessica
D:4:      layout_loops_ring, lemuel_zombie_altar_yredelemnul, uniq_robin,
          uniq_edmund

Skill      XL: |  1  2  3  4  5  6 |
---------------+-------------------+-----
Fighting       | 3 4 5 6 |  6.0
Ranged Weapons | 5 6 |  6.7
Dodging        | |  2.1
Stealth        | |  0.7

Action                   |  1- 3 |  4- 6 || total
-------------------------+-------+-------++-------
 Fire: Shortbow          |   111 |   184 ||   295
  Use: Potion            |       |     6 ||     6
Armor: Leather armour    |     7 |     3 ||    10
       Scale mail        |       |    35 ||    35
Dodge: Dodged            |    16 |    60 ||    76
